 Dungeon Crawl Stone Soup version 0.23.2-30-g0e89c35649 (webtiles) character file.

Game seed: 12095298920440996467

27393 Mrkan the Severer (level 13, 0/106 HPs)
             Began as a Human Berserker on June 23, 2019.
             Was a High Priest of Trog.
             Slain by a large abomination (16 damage)
             ... on level 2 of the Abyss.
             The game lasted 00:33:33 (11020 turns).

Mrkan the Severer (Human Berserker)                Turns: 11020, Time: 00:33:34

Health: 0/106      AC: 24    Str: 21    XL:     13   Next: 65%
Magic:  4/4        EV:  6    Int:  8    God:    Trog [*****.]
Gold:   924        SH: 16    Dex: 11    Spells: 12/12 levels left

rFire    . . .     SeeInvis .   M - +5 broad axe (antimagic)
rCold    . . .     Gourm    .   o - +0 shield
rNeg     . . .     Faith    .   m - +0 plate armour
rPois    +         Spirit   .   f - +1 helmet
rElec    .         Reflect  +   d - +0 cloak
rCorr    .         Harm     .   p - +2 pair of gloves "Xontuam" {+Fly MR++ Regen+ Dex-3}
MR       ++...     Clarity  +   h - +0 pair of boots
Stlth    ..........             i - +4 amulet of reflection
HPRegen  0.67/turn              B - +5 ring of protection
MPRegen  0.09/turn              a - ring of poison resistance

@: berserk cooldown, slowed, very slow
A: hooves 1, clarity, evolution 1
a: Berserk, Trog's Hand, Brothers in Arms, Renounce Religion, Evoke Flight


You were on level 2 of the Abyss.
You worshipped Trog.
Trog was extremely pleased with you.
You were hungry.

You visited 2 branches of the dungeon, and saw 13 of its levels.
You visited the Abyss 1 time.

You collected 924 gold pieces.

Inventory:

Hand Weapons
 s - the +8 whip "Yteh Ugu" {venom, MR+ Str+3}
   (You found it on level 6 of the Dungeon)

   It poisons the flesh of those it strikes.
   It affects your strength (+3).
   It affects your resistance to hostile enchantments.
 D - a +0 scimitar of flaming
 M - a +5 antimagic broad axe (weapon)
Armour
 d - a +0 cloak (worn)
 f - a +1 helmet (worn)
 h - a +0 pair of boots (worn)
 m - a +0 plate armour (worn)
 o - a +0 shield (worn)
 p - the +2 pair of gloves "Xontuam" (worn) {+Fly MR++ Regen+ Dex-3}
   (You found it on level 6 of the Dungeon)

   It affects your dexterity (-3).
   It affects your resistance to hostile enchantments.
   It lets you fly.
   It increases your rate of regeneration.
Jewellery
 a - a ring of poison resistance (right hand)
 i - a +4 amulet of reflection (around neck)
 y - an uncursed ring of protection from fire
 z - an uncursed ring of see invisible
 B - a +5 ring of protection (left hand)
 C - an uncursed ring of protection from cold
 K - an uncursed ring of protection from magic
Wands
 k - a wand of polymorph (4)
 l - a wand of paralysis (9)
 A - a wand of acid (13)
 F - a wand of disintegration (2)
 J - a wand of iceblast (8)
Scrolls
 g - a scroll of enchant armour
 n - a scroll of magic mapping
 u - 7 scrolls of remove curse
 w - a scroll of random uselessness
 x - 5 scrolls of enchant weapon
 H - 5 scrolls of teleportation
 O - 2 scrolls of identify
Potions
 b - a potion of lignification
 e - 5 potions of flight
 j - 6 potions of curing
 q - a potion of might
 v - 3 potions of resistance
 G - a potion of berserk rage
 I - a potion of mutation
 Q - a potion of haste
Miscellaneous
 N - a crystal ball of energy
Comestibles
 c - 12 rations
 r - 2 chunks of flesh


   Skills:
 + Level 11.5 Fighting
 * Level 15.3 Axes
 - Level 4.3 Armour
 - Level 2.2 Dodging
 + Level 10.4 Shields


You had 12 spell levels left.
You didn't know any spells.
Your spell library was empty.

Dungeon Overview and Level Annotations

Branches:
Dungeon (10/15)            Temple (0/1) D:5            Lair (3/6) D:9
 Spider (0/4) Lair:2          Orc (0/2) D:10
  Swamp: Lair:2-4    Shoals: Lair:2-4

Altars:
Ashenzari
Elyvilon
Fedhas
Hepliaklqana
Nemelex Xobeh
Qazlal
Ru
Sif Muna
Uskayaw
Yredelemnul

Shops:
D:8 :

Annotations:
D:3 2 runed translucent doors, Hatywr's ghost, amateur HOFi
Lair:3 Sonja


Innate Abilities, Weirdness & Mutations

You have large cloven feet.
You possess an exceptional clarity of mind.
You evolve.


Message History

You slash the large abomination!
The large abomination is severely damaged.
You block the large abomination's attack.
You slash the large abomination!
The large abomination is almost destroyed.
The large abomination hits you!
* * * LOW HITPOINT WARNING * * *
You hit the large abomination but do no damage.
The large abomination is almost destroyed.
You block the large abomination's attack.
The large abomination hits you.
* * * LOW HITPOINT WARNING * * *
You barely miss the large abomination.
The large abomination is almost destroyed.
You block the large abomination's attack.
You hit the large abomination.
The large abomination is almost destroyed.
A raiju comes into view.
The large abomination hits you!
You die...

.###. . ## ..#
#...#
...#.....#.....#
.. # ...........
.. . ...
........... ...
. ...
................
. #..... .....#.
... ##...##
...### .#
#..†..#.....#.
..
###.@.........
#X......... #
............. #
.....#..#.....#
.
......#.###...#
# ......#.. ....
.# h##.. ###
.##### #.. .


You could see a large abomination and a raiju (wandering).

Vanquished Creatures
  A fire giant (D:10)
  An ettin (D:10)
  Snorg (Lair:3)
  2 hydras
  Erica (D:8)
  2 two-headed ogres (D:9)
  Pikel (D:6)
  2 large abominations (Abyss:2)
  A wolf spider (D:10)
  A black mamba (Lair:2)
  Maurice (D:8)
  A centaur zombie (D:9)
  Psyche (D:8)
  8 spiny frogs
  2 rime drakes
  An ancient zyme (Abyss:2)
  Prince Ribbit (D:6)
  2 trolls
  2 hippogriffs (Lair:2)
  4 raiju (Abyss:2)
  13 blink frogs
  A ynoxinul (Abyss:2)
  3 wyverns
  Eustachio (D:6)
  13 yaks
  A hungry ghost (D:9)
  Edmund (D:6)
  2 wargs (D:9)
  4 water moccasins
  7 porcupines
  6 orc warriors
  5 ice beasts
  2 slaves (D:6)
  A black bear (D:8)
  4 ogres
  4 sky beasts
  5 centaurs
  7 crocodiles
  2 big kobolds
  12 bullfrogs
  14 killer bees
  A scorpion (D:8)
  3 wights (D:9)
  7 howler monkeys
  6 crimson imps
  2 bullfrog zombies
  2 quasits
  4 hounds
  7 jellies
  A bullfrog skeleton (D:6)
  8 orc priests
  An iron imp (Abyss:2)
  2 centaur skeletons
  4 iguanas
  11 orc wizards
  10 worker ants
  2 howler monkey zombies
  A worker ant zombie (D:7)
  Robin (D:4)
  22 adders
  2 shadow imps
  6 oozes
  2 adder skeletons
  A dart slug (D:3)
  2 leopard geckos
  32 orcs
  3 giant cockroaches
  19 goblins
  3 hobgoblins
  19 jackals
  12 kobolds
  4 quokkas
  9 bats
  6 frilled lizards
  2 leopard gecko skeletons (D:5)
  4 rats
  2 fungi
367 creatures vanquished.

Vanquished Creatures (others)
  4 fungi
4 creatures vanquished.

Grand Total: 371 creatures vanquished

Notes
Turn   | Place    | Note
-------+----------+-------------------------------------------
     0 | D:1      | Mrkan the Human Berserker began the quest for the Orb.
     0 | D:1      | Reached XP level 1. HP: 18/18 MP: 1/1
   494 | D:1      | Reached XP level 2. HP: 22/24 MP: 2/2
   851 | D:2      | Reached XP level 3. HP: 29/29 MP: 3/3
   993 | D:2      | Reached XP level 4. HP: 22/35 MP: 4/4
  1055 | D:2      | Reached skill level 4 in Axes
  1163 | D:2      | Reached ** piety under Trog
  1572 | D:3      | Reached XP level 5. HP: 38/41 MP: 5/5
  1785 | D:3      | Found a runed translucent door.
  1790 | D:3      | Noticed Hatywr's ghost (amateur HOFi)
  1809 | D:3      | Found a runed translucent door.
  2001 | D:3      | Found a white marble altar of Elyvilon.
  2215 | D:4      | Found a hide-covered altar of Uskayaw.
  2250 | D:4      | Reached XP level 6. HP: 48/48 MP: 6/6
  2314 | D:4      | Reached *** piety under Trog
  2324 | D:4      | Noticed Robin
  2340 | D:4      | Reached skill level 5 in Axes
  2344 | D:4      | Killed Robin
  3053 | D:5      | Entered Level 5 of the Dungeon
  3057 | D:5      | Noticed a sky beast
  3344 | D:5      | Noticed a sky beast
  3348 | D:5      | Reached XP level 7. HP: 35/55 MP: 2/7
  3355 | D:5      | Reached skill level 6 in Axes
  3366 | D:5      | HP: 1/55 [something/puff of frost (8)]
  3375 | D:4      | Reached skill level 5 in Fighting
  3632 | D:5      | Reached XP level 8. HP: 52/62 MP: 2/8
  3676 | D:5      | Found a blossoming altar of Fedhas.
  3695 | D:5      | Reached skill level 1 in Shields
  3703 | D:5      | Reached skill level 7 in Axes
  3705 | D:5      | Reached **** piety under Trog
  3906 | D:5      | Found a staircase to the Ecumenical Temple.
  4027 | D:5      | Found a shattered altar of Ashenzari.
  4353 | D:6      | Noticed Edmund
  4367 | D:6      | Killed Edmund
  4373 | D:6      | Got a pair of crude gloves
  4374 | D:6      | Identified the +2 pair of gloves "Xontuam" {+Fly MR++
                  | Regen+ Dex-3} (You found it on level 6 of the Dungeon)
  4463 | D:6      | Reached skill level 8 in Axes
  4463 | D:6      | Reached XP level 9. HP: 69/69 MP: 3/9
  4559 | D:6      | Noticed Prince Ribbit
  4559 | D:6      | Noticed Eustachio
  4592 | D:6      | Killed Prince Ribbit
  4618 | D:6      | Killed Eustachio
  4618 | D:6      | Reached skill level 9 in Axes
  4675 | D:6      | Got a crystal whip
  4811 | D:6      | Noticed Pikel
  4820 | D:6      | Killed Pikel
  4820 | D:6      | Reached XP level 10. HP: 67/79 MP: 3/10
  4829 | D:6      | Found a sparkling altar of Nemelex Xobeh.
  4867 | D:6      | Reached skill level 5 in Shields
  4965 | D:7      | Reached skill level 10 in Axes
  5213 | D:7      | Found a sacrificial altar of Ru.
  5214 | D:7      | Found a deep blue altar of Sif Muna.
  5214 | D:7      | Found a hazy altar of Hepliaklqana.
  5475 | D:8      | Identified the +8 whip "Yteh Ugu" {venom, MR+ Str+3} (You
                  | found it on level 6 of the Dungeon)
  5636 | D:8      | Found Wauddoinn's Book Emporium.
  5641 | D:8      | Reached ***** piety under Trog
  5680 | D:8      | Noticed Maurice
  5701 | D:8      | Killed Maurice
  5725 | D:8      | Noticed Psyche
  5744 | D:8      | Killed Psyche
  5921 | D:8      | Noticed Erica
  5942 | D:8      | Killed Erica
  5942 | D:8      | Reached skill level 11 in Axes
  6061 | D:8      | Found a basalt altar of Yredelemnul.
  6282 | D:8      | Reached XP level 11. HP: 87/87 MP: 3/11
  6343 | D:9      | Noticed a two-headed ogre
  6376 | D:9      | Killed a two-headed ogre
  6589 | D:9      | Reached skill level 12 in Axes
  6653 | D:9      | Noticed a two-headed ogre
  6663 | D:9      | Killed a two-headed ogre
  6933 | D:9      | Found a stormy altar of Qazlal.
  7071 | D:9      | Received a gift from Trog
  7108 | D:9      | Found a staircase to the Lair.
  7478 | D:10     | Entered Level 10 of the Dungeon
  7549 | D:10     | Got a steaming leather armour
  7577 | D:10     | Got an encrusted scale mail
  7578 | D:10     | Identified the +2 leather armour of Xybeag {rN+} (You found
                  | it on level 10 of the Dungeon)
  7590 | D:10     | Identified the +4 scale mail "Nunem" {-Cast MR- Str+3
                  | Dex+4} (You found it on level 10 of the Dungeon)
  7715 | D:10     | Reached XP level 12. HP: 29/96 MP: 4/12
  7823 | D:10     | Reached skill level 13 in Axes
  7864 | D:10     | Noticed a fire giant
  7913 | D:10     | Killed a fire giant
  8012 | D:10     | Reached skill level 10 in Fighting
  8215 | D:10     | Received a gift from Trog
  8220 | D:10     | Noticed an ettin
  8226 | D:10     | Killed an ettin
  8406 | D:10     | Noticed a five-headed hydra
  8417 | D:10     | Killed a 13-headed hydra
  8483 | D:10     | Found a staircase to the Orcish Mines.
  8700 | Lair:1   | Entered Level 1 of the Lair of Beasts
  8936 | Lair:1   | Reached skill level 14 in Axes
  9084 | Lair:1   | Reached XP level 13. HP: 104/104 MP: 4/13
  9712 | Lair:2   | Found a hole to the Spider Nest.
 10307 | Lair:2   | Identified a scroll of acquirement
 10335 | Lair:2   | Gained mutation: You evolve. [potion of mutation]
 10335 | Lair:2   | Gained mutation: You have large cloven feet. [potion of
                  | mutation]
 10568 | Lair:3   | Reached skill level 10 in Shields
 10630 | Lair:3   | Noticed an eight-headed hydra
 10647 | Lair:3   | Killed an eight-headed hydra
 10650 | Lair:3   | Reached skill level 15 in Axes
 10811 | Lair:3   | Noticed Snorg
 10821 | Lair:3   | Killed Snorg
 10853 | Lair:3   | Noticed Sonja
 10864 | Lair:3   | Cast into level 2 of the Abyss (Sonja)
 10885 | Abyss:2  | Gained mutation: You possess an exceptional clarity of
                  | mind. [evolution]
 11020 | Abyss:2  | Slain by a large abomination

Skill      XL: |  1  2  3  4  5  6  7  8  9 10 11 12 13 |
---------------+----------------------------------------+-----
Axes           | 4 5 6 8 9 11 12 14 15 | 15.3
Armour         | 3 4 |  4.3
Fighting       | 4 5 7 8 9 10 11 | 11.5
Shields        | 2 4 6 8 9 10 | 10.4
Dodging        | |  2.2

Action                   |  1- 3 |  4- 6 |  7- 9 | 10-12 | 13-15 || total
-------------------------+-------+-------+-------+-------+-------++-------
Melee: Hand axe          |    56 |   222 |       |       |       ||   278
       War axe           |       |    86 |   213 |   322 |       ||   621
       Broad axe         |       |       |       |   325 |   183 ||   508
       Whip              |       |       |       |       |    20 ||    20
Invok: Berserk           |       |     3 |     2 |     7 |     4 ||    16
       Trog's Hand       |       |       |       |     1 |       ||     1
  Use: Scroll            |       |     7 |     8 |     3 |     6 ||    24
       Potion            |       |       |     6 |     3 |     7 ||    16
  Eat: Chunk             |       |    10 |     2 |    20 |     6 ||    38
       Ration            |       |       |     2 |     2 |     1 ||     5
Armor: Animal skin       |    10 |       |       |       |       ||    10
       Plate armour      |    19 |   323 |   162 |   285 |    78 ||   867
Dodge: Dodged            |    26 |    67 |    29 |    93 |    35 ||   250
Block: Shield            |    11 |   214 |   141 |   503 |   163 ||  1032
       Reflection        |       |     2 |       |    12 |     2 ||    16
